← All builds
Pond / Armada / Economy first / OBSERVED BUILD

Fatboy buy

Armada Pond build order · Supreme Isthmus

Pond funds Tech to produce a Fatboy from 5:04 and gets it delivered by Hephaestus to push the front early.

#team support #push · 464 distinct matches · 112 players · 25% of Armada Pond games · team won 48% of 501 · Recently observed

THE CATCH, AND WHAT COMES WITH IT
  • FatboyFatboy from Tech arrives 5:04 · 21% of role by thenTech makes it and hands it over.
  • HephaestusHeavy transport from an ally in 80%21% of all Pond games by then

Paid for by sending allies about 1,100 metal and 13,000 energy by 5:00; standard pond sends 0 metal and 9,000 energy.

Where those units first fight, in 471 games with kill data: in the middle 86%, on their own side 14%.

Those units destroy a typical 2,935 metal of enemy units by 15:00.

Then transitions into tick (31% of army), pawn (15% of army).

HOW TO PLAY IT

Key timing: Fatboy to front by 5:02

  1. Open tidals and mex, add wind as usual Pond eco.
  2. Grab a heavy transport from air to fly it forward.
  3. Send Tech heavy metal and energy to buy a Fatboy.
  4. Get Fatboy handed over from Tech's factory for front.
  5. Fight in middle with Fatboy, then return to normal Tick and Pawn lab output.

Phase by phase

TYPICAL OF ITS 464 GAMES · AGAINST STANDARD POND
  1. 1
  2. 2
PLAY THE OPENING

Follow the example game's first 6:05 step by step: what to build now, what comes next, and where it goes. At 1× it keeps pace with your own game.

  1. 1

    Up to the Bot Lab

    Economy
    • Metal Extractor4Mex
    • Wind Turbine10Wind
    • Tidal Generator8Tidalfor allies
    • Tidal Generator1Tidal
    • Energy Converter2Converter
    • Energy Storage1Energy storage
    Order
    1. Bot LabBot Lab after 4 mex, 11 wind, 2 converterdone ~5:55, middle half 4:52–6:58

    The standard build makes here, this one skips: 2 con bot

    By 5:27 in all: 4 mex · 10 wind · 1 tidal · 2 converter · 1 energy storage

    The example game in this phase · 6 steps
    1. Tidal ×8for Suicide front
    2. Tidal
    3. Mex ×4
    4. Wind ×6
    5. Energy storage
    6. Bot LabBot Labdone 3:35 · typical 5:55
  2. 2

    Bot Lab to 10:00

    Economy
    • Wind Turbine7Wind−20 vs standard
    Builders
    • Construction Turret1 Con turret
    • Construction Bot2 Con bot +2 vs standard
    Army
    • Tick6 Tick +6 vs standard

    Some games also: Lazarus (45%) · converter (34%) · eat Bot Lab (37%)

    The standard build makes here, this one skips: 6 converter

    By 10:00 in all: 4 mex · 22 wind (standard 38) · 1 tidal · 4 converter (standard 9) · 1 energy storage · 2 con turret

    The example game in this phase · 42 steps
    1. Construction BotCon bot
    2. LazarusLazarus
    3. TickTick ×4
    4. LazarusLazarusfor Geo sea
    5. LazarusLazarus
    6. Con turret
    7. Bot LabEat Bot Labreclaimed for its metal
    8. Con turret
    9. Wind ×4
    10. SentrySentry
    11. Wind ×2
    12. SentrySentry
    13. Wind ×2
    14. SentrySentry
    15. Wind ×2
    16. SentrySentry
    17. Wind ×3
    18. Bot LabBot Labdone 7:03
    19. Radar TowerRadar Tower
    20. SentrySentry
    21. PawnPawn ×3
    22. SentrySentry
    23. PawnPawn ×2
    24. LazarusLazarus ×2
    25. SentrySentry
    26. PawnPawn ×2
    27. Mex
    28. PawnPawn
    29. Radar TowerRadar Tower
    30. PawnPawn ×2
    31. LazarusLazarus
    32. Mex
    33. LazarusLazarus
    34. Mex
    35. PawnPawn ×5
    36. Mex
    37. LazarusLazarus
    38. PawnPawn
    39. SentrySentry
    40. Vehicle PlantVehicle Plantnot finished by 15:00
    41. PawnPawn
    42. Vehicle PlantEat Vehicle Plantreclaimed for its metal

Counts are medians over the build's games: half of them build more, half fewer. The example game is YogaBoy158497's (41 OS, 14/10/2026); pick another.

Team trades

IN AT LEAST 30% OF ITS GAMES

You hand over

  • Tidal Generator8 Tidal to Suicide front or Frontfirst at 0:10 · in 97% of games

You get

  • Hephaestus1 Heavy transport from Air or Techfirst at 4:51 · in 82% of games
  • Fatboy1 Fatboy from Techfirst at 5:05 · in 100% of games
  • Advanced Construction Bot1 T2 con bot from Techfirst at 8:14 · in 96% of games

How it plays out

Typical game of this build against the role’s standard build, running totals by minute

  • This build
  • Standard pond

Metal produced

010k20k30k
0:005:0010:0015:00

metal

Enemy metal destroyed

02k4k6k
0:005:0010:0015:00

metal

Own metal lost

02k4k
0:005:0010:0015:00

metal

Metal sent to allies

01k2k
0:005:0010:0015:00

metal

Energy sent to allies

020k40k60k
0:005:0010:0015:00

metal

501 games.

Show as table
ByMetal produced: This buildMetal produced: Standard pondEnemy metal destroyed: This buildEnemy metal destroyed: Standard pondOwn metal lost: This buildOwn metal lost: Standard pondMetal sent to allies: This buildMetal sent to allies: Standard pondEnergy sent to allies: This buildEnergy sent to allies: Standard pond
1:0011511500000012891282
2:0026826800000026072775
3:0080879900000039884408
4:00148814740000404064796161
5:0022202184000011093131068991
6:0029792993000013892571826812703
7:0038133903359210014754302146215664
8:0047054940123717018912615674602425919382
9:0056686220203237846533616184672662721294
10:0067987711297360094555316514772927423404
11:00824596783514807145086717325143075426186
12:00998012073390011681869129617515143263128203
13:001221914601440815402330187818006003529930704
14:001454217448486920362936253918586343846431489
15:001715020201534625673517325819286864217732685
WHAT THE NUMBERS SAY

Same win rate as the standard build but destroys far more enemy metal by 15:00 at the cost of much higher own metal production lost.

  • + Destroys 5806 enemy metal by 15:00 vs 2962 standard.
  • + Reclaims Bot Lab in 39% of games to recoup metal.
  • − Own metal lost roughly doubles by 10:00 (988 vs 440).
  • − Metal production falls behind standard by 15:00 (17452 vs 20971).
THE EXAMPLE YOU ARE READING

YogaBoy158497

40.8 OS · 14/10/2026

Open source match ↗

3 received units · includes a constructor
163 metal received · 28839 energy received

Allied construction assistance is unknown. Timings are observations, not a promise of solo reproducibility.

Typical milestones

Bot Lab5:55Middle 50%: 4:52–6:58 · n=448
Advanced Metal Extractor9:53Middle 50%: 9:06–10:36 · n=473

Played most by

Teaner43games of this buildHummell20games of this buildDRM17games of this build_X_17games of this build[Grump]Grumpiness16games of this build